 Dungeon Crawl Stone Soup version 0.30.2 (webtiles) character file.

Game seed: 2459387593862545188

91 Ashen the Trooper (level 4, 0/45 HPs)
             Began as an Ogre Warper on Jan 19, 2024.
             Frozen to death by an endoplasm (3 damage)
             ... on level 2 of the Dungeon.
             The game lasted 00:05:11 (2529 turns).

Ashen the Trooper (Ogre Warper)                     Turns: 2529, Time: 00:05:12

Health: 0/45       AC:  4    Str: 15    XL:     4   Next: 57%
Magic:  8/17       EV: 10    Int: 16    God:
Gold:   106        SH:  0    Dex:  8    Spells: 4/9 levels left

rFire   . . .        a - +0 mace
rCold   . . .        (no shield)
rNeg    . . .        b - +0 robe
rPois   .            (helmet restricted)
rElec   .            q - +0 cloak
rCorr   .            (gloves unavailable)
SInv    .            (boots unavailable)
Will    .....        (no amulet)
Stlth   +            j - ring of magical power
HPRegen 0.27/turn    (no ring)
MPRegen 0.15/turn

%: no passive effects
@: very slightly contaminated
A: large, unfitting armour, tough skin 1
a: no special abilities


You were on level 2 of the Dungeon.
You visited 1 branch of the dungeon, and saw 3 of its levels.

You collected 106 gold pieces.

Inventory:

Hand Weapons
 a - a +0 mace (weapon)
Missiles
 d - 7 boomerangs of dispersal (quivered)
 i - 2 boomerangs
Armour
 b - a +0 robe (worn)
 q - a +0 cloak (worn)
Jewellery
 j - a ring of magical power (left hand)
Scrolls
 c - 2 scrolls of blinking
 e - 4 scrolls of magic mapping {unknown}
 f - 2 scrolls of amnesia {unknown}
 g - 2 scrolls of identify {unknown}
 o - a scroll of poison {unknown}
 p - a scroll of fog {unknown}
 r - a scroll of enchant armour {unknown}
Potions
 h - 2 potions of heal wounds {unknown}
 k - a potion of curing {unknown}
 l - a potion of berserk rage {unknown}
 m - 2 potions of attraction {unknown}
 n - a potion of lignification {unknown}


   Skills:
 + Level 3.5 Fighting
 + Level 2.5 Maces & Flails
 - Level 1.0 Throwing
 + Level 2.5 Dodging
 + Level 1.0 Stealth
 + Level 3.0 Spellcasting
 + Level 3.1 Translocations


You had 4 spell levels left.
You knew the following spells:

 Your Spells              Type           Power      Damage    Failure   Level
a - Blink                 Tloc           24%        N/A       8%          2
b - Teleport Other        Tloc           12%        N/A       16%         3

Your spell library contained the following spells:

 Spells                   Type           Power      Damage    Failure   Level
 Lesser Beckoning         Tloc           24%        N/A       8%          2
 Gell's Gravitas          Tloc           12%        N/A       16%         3
 Foxfire                  Conj/Fire      8%         2x1d4     19%         1
 Magic Dart               Conj           8%         1d3       19%         1
 Sting                    Tmut/Pois      8%         1d3       19%         1
 Call Imp                 Summ           4%         N/A       28%         2
 Poisonous Vapours        Pois/Air       4%         N/A       28%         2
 Vhi's Electric Charge    Tloc/Air       14%        N/A       30%         3
 Manifold Assault         Tloc           12%        N/A       45%         4
 Passage of Golubria      Tloc           12%        N/A       45%         4
 Mephitic Cloud           Conj/Pois/Air  2%         N/A       50%         3
 Stone Arrow              Conj/Erth      4%         3d7       50%         3
 Animate Armour           Summ/Erth      4%         N/A       88%         4
 Olgreb's Toxic Radiance  Pois           2%         N/A       88%         4
 Fireball                 Conj/Fire      1%         3d3       99%         5
 Silence                  Hex/Air        1%         N/A       99%         5
 Dispersal                Tloc           6%         N/A       100%        6
 Plasma Beam              Fire/Air       1%         2x1d12    100%        6
 Starburst                Conj/Fire      1%         6d3       100%        6
 Disjunction              Tloc           6%         N/A       100%        8
 Lehudib's Crystal Spear  Conj/Erth      1%         10d2      100%        8


Dungeon Overview and Level Annotations

Branches:
Dungeon (3/15)

Altars:

Annotations:
D:2 Ijyb, Terence


Innate Abilities, Weirdness & Mutations

You are too large for most types of armour.
You have tough skin. (AC +1)


Message History

Ijyb hits you with a +0 club.
* * * LOW HITPOINT WARNING * * *
You closely miss Ijyb.
Ijyb zaps a wand.
You barely resist.
The endoplasm quivers.
You hit Ijyb but do no damage. Ijyb hits you but does no damage.
You hit Ijyb but do no damage. Ijyb hits you with a +0 club.
* * * LOW HITPOINT WARNING * * *
Ijyb zaps a wand.
You barely resist.
Casting: Blink (safe; 8% risk of failure)
Confirm with . or Enter, or press ? or * to list all spells.
Aiming: Teleport Other (dangerous; 16% risk of failure)
Press: ? - help, Shift-Dir - straight line, f - Ijyb
Aim: Ijyb, wielding a +0 club, wearing a +0 scale mail and carrying a wand of mindburst (5) (chance to affect: 60%)
You miscast Teleport Other.
You are very lightly contaminated with residual magic.
Nothing appears to happen.
The endoplasm closely misses you. Ijyb hits you with a +0 club.
* * * LOW HITPOINT WARNING * * *
Casting: Teleport Other (dangerous; 16% risk of failure)
Confirm with . or Enter, or press ? or * to list all spells.
Aiming: Teleport Other (dangerous; 16% risk of failure)
Press: ? - help, Shift-Dir - straight line, f/p - Ijyb
Aim: Ijyb, wielding a +0 club, wearing a +0 scale mail and carrying a wand of mindburst (5) (chance to affect: 60%) Ijyb resists with significant effort.
The endoplasm freezes you.
You are frozen.
* * * LOW HITPOINT WARNING * * *
Ijyb misses you.
Casting: Teleport Other (dangerous; 16% risk of failure)
Confirm with . or Enter, or press ? or * to list all spells.
Aiming: Teleport Other (dangerous; 16% risk of failure)
Press: ? - help, Shift-Dir - straight line, f/p - Ijyb
Aim: Ijyb, wielding a +0 club, wearing a +0 scale mail and carrying a wand of mindburst (5) (chance to affect: 60%) Ijyb looks slightly unstable.
The endoplasm barely misses you. Ijyb barely misses you.
The endoplasm hits you but does no damage.
Ijyb disappears!
The endoplasm freezes you.
You are frozen.
You die...

#..[.........#.....#.##
#............#.........
#............#.....#.##
#.........?..#.....#.##
#.....$......#.....#.##
#............#.###.#.##
#.....ยง......#.##......
#.....J......#.#...#.##
#.....@......#.......##
#............+.##.##...
#............#.#...#.##
######+#######..._.....
#.#...#... #.@##.##...
#......=... #..#..#####
#... #..#


You could see an endoplasm.

Vanquished Creatures
  3 adders
  A worm (D:3)
  A dart slug (D:2)
  7 ball pythons
  5 bats
  4 endoplasms
  A giant cockroach (D:3)
  2 goblins (D:1)
  7 hobgoblins
  6 jackals (D:1)
  5 kobolds
  A quokka (D:3)
  6 frilled lizards
  6 rats
55 creatures vanquished.

Notes
Turn   | Place    | Note
-------+----------+-------------------------------------------
     0 | D:1      | Ashen the Ogre Warper began the quest for the Orb.
     0 | D:1      | Reached XP level 1. HP: 22/22 MP: 3/3
   151 | D:1      | Reached XP level 2. HP: 28/29 MP: 5/5
   299 | D:1      | Learned a level 2 spell: Blink
   381 | D:1      | Reached XP level 3. HP: 32/37 MP: 7/7
  1428 | D:2      | Found a faded altar of an unknown god.
  1432 | D:2      | Noticed Terence
  1558 | D:2      | Reached XP level 4. HP: 29/45 MP: 8/8
  2164 | D:3      | Reached skill level 1 in Stealth
  2290 | D:3      | Learned a level 3 spell: Teleport Other
  2510 | D:3      | Noticed Ijyb
  2526 | D:2      | HP: 2/45 [frozen (2)]
  2529 | D:2      | Frozen to death by an endoplasm

Illustrated notes

Levels and vault maps discovered:
D:1:      minmay_arrival_four_circles, layout_basic
D:2:      layout_basic, ebering_ecumenical_altar_box, uniq_terence
D:3:      minmay_wonky_spiral, layout_rooms, uniq_ijyb

Skill      XL: |  1  2  3  4 |
---------------+-------------+-----
Maces & Flails | 2 |  2.5
Fighting       | 3 |  3.5
Translocations | 3 |  3.1
Stealth        | 1 |  1.0
Spellcasting   | 3 |  3.0
Throwing       | |  1.0
Dodging        | |  2.5

Action                     |  1- 3 |  4- 6 || total
---------------------------+-------+-------++-------
  Melee: Mace              |   144 |    56 ||   200
   Cast: Teleport Other    |       |     2 ||     2
 Armour: Robe              |    60 |    25 ||    85
  Dodge: Dodged            |    83 |    40 ||   123
